 Dungeon Sprint DCSS version 0.27-a0-1184-ge86db4a01e (webtiles) character file.

Game seed: 6925675729457961376

8668 mhtbhm the Sorcerer (level 11, -4/55 HPs)
             Began as a Deep Elf Earth Elementalist on May 18, 2021.
             Was the Champion of Vehumet.
             Slain by a minotaur (7 damage)
             ... in the Dungeon (Sprint VII: "The Pits").
             The game lasted 00:05:26 (2251 turns).

mhtbhm the Sorcerer (Deep Elf Earth Elementalist)   Turns: 2251, Time: 00:05:27

Health: -4/55      AC: 11    Str:  8    XL:     11   Next: 12%
Magic:  30/39      EV: 13    Int: 24    God:    Vehumet [******]
Gold:   0          SH:  0    Dex: 15    Spells: 31/54 levels left

rFire    . . .     SeeInvis .   l - +4 quarterstaff (speed)
rCold    . . .     Faith    .   (shield currently unavailable)
rNeg     . . .     Spirit   .   c - +3 leather armour {rPois}
rPois    +         Reflect  .   s - +0 helmet
rElec    .         Harm     .   r - +0 cloak
rCorr    .         Rampage  .   (no gloves)
Will     +....     NoTele   +   (no boots)
Stlth    +++.......             (no amulet)
HPRegen  0.18/turn              n - +3 ring of protection
MPRegen  0.26/turn              p - +3 ring of strength

@: no status effects
A: no striking features
a: Renounce Religion


You were in the Dungeon.
You worshipped Vehumet.
Vehumet was exalted by your worship.
You visited 1 branch

Inventory:

Hand Weapons
 l - a +4 quarterstaff of speed (weapon)
Missiles
 b - 18 stones
Armour
 c - a +3 leather armour of poison resistance (worn)
 r - a +0 cloak (worn)
 s - a +0 helmet (worn)
Jewellery
 n - a +3 ring of protection (left hand)
 p - a +3 ring of strength (right hand)
Scrolls
 i - a scroll of blinking
 j - 5 scrolls of amnesia
 k - a scroll of summoning
Potions
 a - 2 potions of invisibility
 d - 10 potions of curing
 e - 7 potions of heal wounds
 f - 2 potions of haste
 g - 4 potions of magic
 h - 3 potions of berserk rage
 m - a potion of lignification {unknown}
 o - 3 potions of brilliance
 q - a potion of resistance


   Skills:
 + Level 0.5 Fighting
 + Level 2.1 Armour
 + Level 5.6 Dodging
 + Level 6.6 Stealth
 + Level 22.1 Spellcasting
 + Level 2.8 Conjurations
 + Level 1.9 Transmutations
 + Level 1.7 Fire Magic
 + Level 18.6 Earth Magic


You had 31 spell levels left.
You knew the following spells:

 Your Spells              Type           Power      Damage    Failure   Level
a - Sandblast             Erth           100%       2d20      0%          1
b - Passwall              Tmut/Erth      55%        N/A       1%          2
c - Stone Arrow           Conj/Erth      100%       3d13      1%          3
d - Lee's Rapid Deconstr  Erth           43%        3d22*     1%          5
e - Petrify               Tmut/Erth      66%        N/A       1%          4
f - Mephitic Cloud        Conj/Pois/Air  31%        N/A       1%          3
g - Bolt of Magma         Conj/Fire/Erth 29%        4d13      1%          5

Your spell library contained the following spells:

 Spells                   Type           Power      Damage    Failure   Level
 Conjure Ball Lightning   Conj/Air       16%        3x3d6     41%         6


Dungeon Overview and Level Annotations

Branches:
Dungeon (1/1)

Altars:
Ashenzari
Cheibriados
Dithmenos
Elyvilon
Fedhas
Gozag
Hepliaklqana
Kikubaaqudgha
Makhleb
Nemelex Xobeh
Okawaru
Qazlal
Ru
Sif Muna
Trog
Uskayaw
Vehumet
Wu Jian
Xom
Yredelemnul
Zin
The Shining One
Beogh
Jiyva
Lugonu


Message History

Vehumet accepts your kill.
The blast of metal fragments hits Harold!!!
You kill Harold!
Vehumet accepts your kill.
You feel your power returning.
Harold looks down at his mortal wounds and cries, "But... this was my last day before retirement..."
A naga comes into view. It is wielding a +0 trident.
The minotaur hits you. The minotaur gores you!
Your Spellcasting skill increases to level 22!
Unknown command.
Unknown command.
Casting: Lee's Rapid Deconstruction (safe; 1% risk of failure)
Confirm with . or Enter, or press ? or * to list all spells.
You don't know that spell.
Drop what? 19/52 slots (_ for help) (? for menu, Esc to quit)
Okay, then.
Unknown command.
Casting: Lee's Rapid Deconstruction (safe; 1% risk of failure)
Confirm with . or Enter, or press ? or * to list all spells.
Aiming: Lee's Rapid Deconstruction (safe; 1% risk of failure)
Press: ? - help, Dir - move target A metal wall.
The metal wall shatters!
The blast of metal fragments hits the minotaur but does no damage.
The minotaur is lightly wounded.
The blast of metal fragments hits the orc!!!
You kill the orc!
Vehumet accepts your kill.
You feel your power returning.
The blast of metal fragments hits the orc!!
You kill the orc!
Vehumet accepts your kill.
You feel your power returning.
The blast of metal fragments hits the orc wizard!
The orc wizard is almost dead.
The minotaur hits you!!
Ouch! That really hurt!
* * * LOW HITPOINT WARNING * * *
The minotaur gores you!
You die...

##### ##########
########## ##
...+..+...###........###..
...+..+.....##......##..r
..##..##.....##....##S.# #
###....###....#....#.o...
#........###.###..##.#N#.#
...#..#...#....#..#)9....#
..........'....)@Ho.SN...+
...#..#...#....#†.#4l....#
#........###.###..##.#.#.#
###....###....#....#.....
. ##..##)....##....##..# #
.. +..†).)))##......##...
...+..'...###........###..
########### ########## ##


You could see a minotaur, a naga ritualist, an orange demon, a molten gargoyle,
a naga, an orc wizard, a ball python and a frilled lizard.

Vanquished Creatures
  A great orb of eyes (D)
  Harold (D)
  A sea snake (D)
  A flayed ghost (D)
  A lindwurm (D)
  A bog body (D)
  3 deep elf pyromancers (D)
  A phantasmal warrior (D)
  Joseph (D)
  An elephant (D)
  A cane toad (D)
  A freezing wraith (D)
  A komodo dragon (D)
  A red devil (D)
  A flying skull (D)
  A tarantella (D)
  A basilisk (D)
  A naga (D)
  A small abomination (D)
  2 orc warriors (D)
  A swamp drake (D)
  A floating eye (D)
  A necrophage (D)
  A wolf (D)
  A scorpion (D)
  7 killer bees (D)
  A quasit (D)
  A hound (D)
  An orc priest (D)
  An iguana (D)
  2 iron imps (D)
  An adder (D)
  2 gnolls (D)
  2 adder skeletons (D)
  An adder simulacrum (D)
  10 orcs (D)
  3 bat skeletons (D)
  A bat zombie (D)
  A giant cockroach (D)
  2 hobgoblins (D)
  A frilled lizard (D)
  3 rats (D)
68 creatures vanquished.

Notes
Turn   | Place    | Note
-------+----------+-------------------------------------------
     0 | D        | mhtbhm the Deep Elf Earth Elementalist began the quest for
                  | the Orb.
     0 | D        | Reached XP level 1. HP: 10/10 MP: 6/6
    38 | D        | Found a bloodstained altar of Trog.
    38 | D        | Found a shimmering blue altar of Sif Muna.
    38 | D        | Found a viscous altar of Jiyva.
    38 | D        | Found a hazy altar of Hepliaklqana.
    38 | D        | Found an opulent altar of Gozag.
    39 | D        | Found a glowing golden altar of the Shining One.
    39 | D        | Found a glowing silver altar of Zin.
    39 | D        | Found a basalt altar of Yredelemnul.
    39 | D        | Found a shimmering altar of Xom.
    39 | D        | Found an ornate altar of the Wu Jian Council.
    39 | D        | Found a sacrificial altar of Ru.
    39 | D        | Found a stormy altar of Qazlal.
    39 | D        | Found an iron altar of Okawaru.
    39 | D        | Found a sparkling altar of Nemelex Xobeh.
    39 | D        | Found a burning altar of Makhleb.
    39 | D        | Found a blossoming altar of Fedhas.
    39 | D        | Found a white marble altar of Elyvilon.
    39 | D        | Found a shadowy altar of Dithmenos.
    39 | D        | Found a snail-covered altar of Cheibriados.
    41 | D        | Found a radiant altar of Vehumet.
    41 | D        | Found a corrupted altar of Lugonu.
    42 | D        | Found a hide-covered altar of Uskayaw.
    42 | D        | Found an ancient bone altar of Kikubaaqudgha.
    42 | D        | Found a broken altar of Ashenzari.
    51 | D        | Became a worshipper of Vehumet
    81 | D        | Reached XP level 2. HP: 15/15 MP: 5/8
    86 | D        | Learned a level 2 spell: Passwall
   136 | D        | Reached * piety under Vehumet
   136 | D        | Offered knowledge of Shock by Vehumet.
   137 | D        | Reached skill level 5 in Earth Magic
   137 | D        | Noticed a scorpion
   142 | D        | Killed a scorpion
   143 | D        | Reached skill level 6 in Spellcasting
   143 | D        | Reached XP level 3. HP: 16/19 MP: 2/12
   143 | D        | Reached XP level 4. HP: 20/24 MP: 2/14
   327 | D        | Learned a level 3 spell: Stone Arrow
   331 | D        | Noticed a floating eye
   332 | D        | Killed a floating eye
   332 | D        | Offered knowledge of Freeze by Vehumet.
   332 | D        | Reached ** piety under Vehumet
   333 | D        | Reached skill level 8 in Spellcasting
   333 | D        | Reached XP level 5. HP: 28/28 MP: 14/17
   505 | D        | Learned a level 5 spell: Lee's Rapid Deconstruction
   510 | D        | Learned a level 4 spell: Petrify
   559 | D        | Offered knowledge of Searing Ray by Vehumet.
   559 | D        | Reached *** piety under Vehumet
   559 | D        | Noticed a necrophage
   566 | D        | Reached skill level 9 in Spellcasting
   573 | D        | Killed a necrophage
   573 | D        | Reached **** piety under Vehumet
   574 | D        | Reached skill level 5 in Stealth
   574 | D        | Reached skill level 10 in Spellcasting
   574 | D        | Reached skill level 10 in Earth Magic
   574 | D        | Reached XP level 6. HP: 25/32 MP: 5/21
   575 | D        | Noticed an orc warrior
   590 | D        | Killed an orc warrior
   591 | D        | Reached skill level 11 in Spellcasting
   591 | D        | Reached skill level 1 in Conjurations
   721 | D        | Offered knowledge of Mephitic Cloud by Vehumet.
   736 | D        | Learned a level 3 spell: Mephitic Cloud
   744 | D        | Offered knowledge of Bolt of Magma by Vehumet.
   744 | D        | Reached ***** piety under Vehumet
   751 | D        | Learned a level 5 spell: Bolt of Magma
   753 | D        | Noticed a deep elf pyromancer
   755 | D        | Killed a deep elf pyromancer
   755 | D        | Offered knowledge of Airstrike by Vehumet.
   756 | D        | Reached skill level 13 in Spellcasting
   756 | D        | Reached XP level 7. HP: 37/37 MP: 14/26
   913 | D        | Noticed a flayed ghost
   913 | D        | Noticed Joseph
   921 | D        | Killed Joseph
   922 | D        | Reached skill level 14 in Spellcasting
   922 | D        | Reached XP level 8. HP: 20/42 MP: 12/28
   923 | D        | Killed a flayed ghost
   924 | D        | Reached skill level 5 in Dodging
   924 | D        | Reached skill level 15 in Spellcasting
   924 | D        | Reached skill level 1 in Fire Magic
  1211 | D        | Noticed a deep elf pyromancer
  1211 | D        | Noticed a sea snake
  1213 | D        | Killed a deep elf pyromancer
  1214 | D        | Reached skill level 16 in Spellcasting
  1214 | D        | Reached skill level 15 in Earth Magic
  1214 | D        | Reached XP level 9. HP: 46/46 MP: 27/31
  1216 | D        | Killed a sea snake
  1217 | D        | Reached skill level 17 in Spellcasting
  1383 | D        | Offered knowledge of Spellforged Servitor by Vehumet.
  1383 | D        | Noticed a bog body
  1385 | D        | Noticed a phantasmal warrior
  1388 | D        | Killed a bog body
  1389 | D        | Reached skill level 1 in Armour
  1389 | D        | Reached skill level 18 in Spellcasting
  1392 | D        | Killed a phantasmal warrior
  1393 | D        | Reached skill level 19 in Spellcasting
  1405 | D        | Noticed a red devil
  1406 | D        | Killed a red devil
  1407 | D        | Reached XP level 10. HP: 51/51 MP: 9/35
  1624 | D        | Noticed an elephant
  1625 | D        | Offered knowledge of Orb of Destruction by Vehumet.
  1628 | D        | Killed an elephant
  1793 | D        | Noticed a cane toad
  1796 | D        | Killed a cane toad
  1797 | D        | Reached skill level 20 in Spellcasting
  1799 | D        | Reached ****** piety under Vehumet
  1800 | D        | Offered knowledge of Lightning Bolt by Vehumet.
  2114 | D        | Noticed a lindwurm
  2114 | D        | Noticed a great orb of eyes
  2115 | D        | Offered knowledge of Conjure Ball Lightning by Vehumet.
  2115 | D        | Noticed a deep elf pyromancer
  2120 | D        | Killed a great orb of eyes
  2121 | D        | Reached skill level 21 in Spellcasting
  2121 | D        | Killed a lindwurm
  2122 | D        | Killed a deep elf pyromancer
  2123 | D        | Reached XP level 11. HP: 38/55 MP: 14/38
  2241 | D        | Noticed a naga ritualist
  2241 | D        | Noticed Harold
  2241 | D        | Noticed a minotaur
  2250 | D        | Killed Harold
  2251 | D        | Reached skill level 22 in Spellcasting
  2251 | D        | Slain by a minotaur

Illustrated notes

Levels and vault maps discovered:
D:        pitsprint [storerooms_1, entrance_room_1, metal_vault_4, armoury_1,
          mini_pit_1, grid_room_1, main_hall_1, silver_pit, the_coven_1,
          the_vestibule_1, steel_vault_5, golden_pit, hallway_of_sentries,
          crystal_vault_1, iron_vault_1, final_vault]

Skill      XL: |  1  2  3  4  5  6  7  8  9 10 11 |
---------------+----------------------------------+-----
Dodging        | 3 4 5 |  5.6
Stealth        | 3 4 5 6 |  6.6
Earth Magic    | 4 7 9 10 13 15 16 18 | 18.6
Spellcasting   | 6 8 10 13 14 16 19 21 22 | 22.1
Conjurations   | 1 2 |  2.8
Fire Magic     | 1 |  1.7
Armour         | 1 2 |  2.1
Fighting       | |  0.5
Transmutations | |  1.9

Action                   |  1- 3 |  4- 6 |  7- 9 | 10-12 || total
-------------------------+-------+-------+-------+-------++-------
 Cast: Sandblast         |    11 |     6 |     2 |     3 ||    22
       Lee's Rapid Decon |       |     6 |    17 |    25 ||    48
       Stone Arrow       |       |     5 |       |     2 ||     7
       Bolt of Magma     |       |       |     2 |       ||     2
  Use: Potion            |       |       |     1 |       ||     1
Armor: Robe              |       |     1 |       |       ||     1
       Leather armour    |       |       |     1 |     2 ||     3
Dodge: Dodged            |     4 |     3 |     5 |     3 ||    15

Table legend: (Time is in decaauts)
 A = Elapsed time spent in this place.
 B = Non-inter-level travel time spent in this place.
 C = Inter-level travel time spent in this place.
 D = Time resting spent in this place.
 E = Time spent auto-exploring this place.
 F = Levels seen in this place.
 G = Mean time per level.
                   A        B        C        D        E       F      G
               +--------+--------+--------+--------+--------+-----+--------+
         Total |   2248 |   2248 |      0 |   1633 |     86 |   1 | 2248.0 |
       Dungeon |   2248 |   2248 |      0 |   1633 |     86 |   1 | 2248.0 |
               +--------+--------+--------+--------+--------+-----+--------+

Top non-repeatable levels by time:
       D: 2248 daAuts
